 Dungeon Crawl Stone Soup version 0.21.1-1-g345015f (webtiles) character file.

909 Wander the Basher (level 8, -7/58 HPs)
             Began as a Human Wanderer on May 3, 2018.
             Was an Initiate of Okawaru.
             Mangled by a centaur (10 damage)
             ... on level 5 of the Dungeon on May 4, 2018.
             The game lasted 00:11:01 (5514 turns).

Wander the Basher (Human Wanderer)                  Turns: 5514, Time: 00:11:02

Health: -7/58      AC:  9    Str: 17    XL:     8   Next: 29%
Magic:  8/8        EV: 12    Int:  8    God:    Okawaru [......]
Gold:   185        SH:  0    Dex: 15    Spells: 7/7 levels left

rFire    . . .     SeeInvis .   a - +2 mace
rCold    + . .     Gourm    .   (no shield)
rNeg     . . .     Faith    .   r - +2 robe {MR+}
rPois    .         Spirit   .   c - +0 helmet
rElec    .         Reflect  .   B - +0 cloak
rCorr    .         Harm     .   (no gloves)
MR       +....                  (no boots)
Stlth    ++........             (no amulet)
HPRegen  0.19/turn              q - ring of protection from cold
MPRegen  0.11/turn              w - +3 ring of protection

@: no status effects
A: no striking features
a: Renounce Religion


You were on level 5 of the Dungeon.
You worshipped Okawaru.
Okawaru was noncommittal.
You were near starving.

You visited 1 branch of the dungeon, and saw 5 of its levels.

You collected 185 gold pieces.

Inventory:

Hand Weapons
 a - a +2 mace (weapon)
Missiles
 v - 8 javelins
 C - 4 tomahawks (quivered)
Armour
 c - a +0 helmet (worn)
 d - a +0 robe
 e - a +0 leather armour
 r - a +2 robe of magic resistance (worn)
 B - a +0 cloak (worn)
Jewellery
 q - a ring of protection from cold (left hand)
 s - an uncursed amulet of magic regeneration
 w - a +3 ring of protection (right hand)
 A - an uncursed ring of resist corrosion
Scrolls
 b - 2 scrolls of fog {unknown}
 g - a scroll of amnesia {unknown}
 i - 4 scrolls of remove curse
 j - a scroll of teleportation {unknown}
 l - 5 scrolls of identify {unknown}
 n - a scroll of enchant armour {unknown}
 t - a scroll of noise {unknown}
 u - a scroll of enchant weapon {unknown}
 y - a scroll of fear {unknown}
Potions
 h - 2 potions of agility
 k - a potion of mutation {unknown}
 m - 2 potions of degeneration {unknown}
 o - a potion of berserk rage {unknown}
 p - a potion of haste {unknown}
 x - a potion of flight {unknown}
 z - 3 potions of curing
Comestibles
 f - 5 rations


   Skills:
 + Level 3.1 Fighting
 + Level 9.2 Maces & Flails
 - Level 1.0 Throwing
 - Level 2.0 Armour
 + Level 2.0 Dodging
 - Level 1.0 Stealth


You had 7 spell levels left.
You didn't know any spells.

Dungeon Overview and Level Annotations

Branches:
Dungeon (5/15)
 Temple: D:4-7

Altars:
Makhleb
Okawaru
Sif Muna


Message History

* * * LOW HITPOINT WARNING * * *
You hit the centaur.
The centaur is moderately wounded.
The centaur completely misses you. The centaur closely misses you.
You hit the centaur.
The centaur is heavily wounded.
The centaur barely misses you.
You hit the centaur.
The centaur is severely wounded.
The centaur hits you.
* * * LOW HITPOINT WARNING * * *
The centaur closely misses you.
You hit the centaur but do no damage.
The centaur is severely wounded.
The centaur hits you!
* * * LOW HITPOINT WARNING * * *
You hit the centaur.
The centaur is almost dead.
The centaur misses you. The centaur hits you!
You die...

#..##..# ..# .# ##.## ...
..## .# #..## # ... .#
##. ....# .<##.##....
#.#.###. ........#
........# ...#...#
..##.......## ##.$..# ..#
######....##c..###.## ###
#...@......<.
.###############(#####.##
...........# #.(.#
#####......###.###
#(.........# #......#####
#......# #......#
#......#


You could see a centaur.

Vanquished Creatures
  Grinder (D:4)
  Sigmund (D:2)
  A scorpion (D:4)
  A howler monkey (D:4)
  A crimson imp (D:5)
  A bullfrog skeleton (D:4)
  An orc priest (D:3)
  A quasit (D:5)
  Terence (D:2)
  An iguana (D:5)
  4 worker ants
  A howler monkey zombie (D:5)
  Robin (D:2)
  7 adders
  A worm (D:2)
  2 dart slugs
  2 leopard geckos (D:2)
  8 orcs
  13 bats
  3 giant cockroaches
  18 goblins
  5 hobgoblins
  9 jackals
  4 quokkas
  8 frilled lizards
  6 kobolds
  10 rats
112 creatures vanquished.

Notes
Turn   | Place    | Note
-------+----------+-------------------------------------------
     0 | D:1      | Wander the Human Wanderer began the quest for the Orb.
     0 | D:1      | Wander set off with: a +2 mace, a potion of curing, a potion of lignification, a +0 robe, a ration
     0 | D:1      | Reached XP level 1. HP: 16/16 MP: 1/1
   118 | D:1      | Reached XP level 2. HP: 20/22 MP: 2/2
   542 | D:1      | Reached XP level 3. HP: 27/27 MP: 3/3
   687 | D:1      | Reached skill level 5 in Maces & Flails
  1337 | D:2      | Reached XP level 4. HP: 31/33 MP: 4/4
  1457 | D:2      | Noticed Robin
  1480 | D:2      | Killed Robin
  1659 | D:2      | Noticed Sigmund
  1683 | D:2      | Killed Sigmund
  1683 | D:2      | Reached skill level 7 in Maces & Flails
  1683 | D:2      | Reached XP level 5. HP: 28/38 MP: 5/5
  1683 | D:2      | Reached XP level 6. HP: 33/44 MP: 6/6
  1986 | D:2      | Found an iron altar of Okawaru.
  2194 | D:2      | Became a worshipper of Warmaster Okawaru
  2413 | D:3      | Noticed Terence
  2448 | D:2      | Killed Terence
  3192 | D:3      | Found a burning altar of Makhleb.
  3194 | D:3      | Noticed a balrug
  3521 | D:4      | Found a deep blue altar of Sif Muna.
  3661 | D:4      | Noticed Grinder
  3664 | D:4      | Paralysed by Grinder for 2 turns
  3682 | D:4      | Killed Grinder
  3682 | D:4      | Reached skill level 8 in Maces & Flails
  3682 | D:4      | Reached skill level 1 in Dodging
  3682 | D:4      | Reached XP level 7. HP: 16/51 MP: 7/7
  4403 | D:4      | Reached XP level 8. HP: 57/57 MP: 8/8
  4948 | D:4      | Reached skill level 9 in Maces & Flails
  5402 | D:5      | Entered Level 5 of the Dungeon
  5514 | D:5      | Mangled by a centaur

Skill      XL: |  1  2  3  4  5  6  7  8 |
---------------+-------------------------+-----
Maces & Flails | 5 7 8 9 |  9.2
Dodging        | 1 2 |  2.0
Fighting       | 3 |  3.1
Throwing       | |  1.0
Armour         | |  2.0
Stealth        | |  1.0

Action                   |  1- 3 |  4- 6 |  7- 9 || total
-------------------------+-------+-------+-------++-------
Melee: Mace              |    88 |   160 |   155 ||   403
Throw: Tomahawk          |       |    12 |     4 ||    16
  Use: Potion            |       |     5 |       ||     5
       Scroll            |       |     1 |       ||     1
 Stab: Sleeping          |     4 |       |       ||     4
  Eat: Chunk             |     1 |     8 |     4 ||    13
Armor: Leather armour    |    31 |       |       ||    31
       Skin              |       |    20 |       ||    20
       Ring mail         |       |    19 |       ||    19
       Robe              |       |    35 |    41 ||    76
Dodge: Dodged            |    53 |    98 |   106 ||   257
